 Dungeon Crawl Stone Soup version 0.31-a0-1009-g454b1f1e0a (webtiles) character file.

Game seed: 16774842077793864905

144 BinkBink the Trooper (level 5, -8/33 HPs)
             Began as a Tengu Fighter on Nov 15, 2023.
             Mangled by Edmund
             ... wielding a +2 dire flail of protection
              (13 damage)
             ... on level 4 of the Dungeon.
             The game lasted 00:02:29 (1918 turns).

BinkBink the Trooper (Tengu Fighter)                Turns: 1918, Time: 00:02:30

Health: -8/33      AC:  6    Str: 19    XL:     5   Next: 27%
Magic:  6/6        EV: 11    Int: 11    God:
Gold:   191        SH:  6    Dex: 23    Spells: 4/4 levels left

rFire   + . .        r - +4 dagger of Instinct {heavy, Dex+7}
rCold   x . .        c - +0 buckler
rNeg    . . .        m - +1 ring mail "Quttomow" {rElec rC- Str+3 Int+3}
rPois   .            (helmet restricted)
rElec   +            (no cloak)
rCorr   .            (no gloves)
SInv    .            (boots unavailable)
Will    .....        (no amulet)
Stlth   +            j - ring of protection from fire
HPRegen 0.25/turn    (no ring)
MPRegen 0.10/turn

%: acrobat
@: no status effects
A: beak, talons 3, acrobatic
a: no special abilities


You were on level 4 of the Dungeon.
You visited 1 branch of the dungeon, and saw 4 of its levels.

You collected 191 gold pieces.

Inventory:

Hand Weapons
 r - the +4 dagger of Instinct (weapon) {heavy, Dex+7}
   (You found it on level 3 of the Dungeon)

   Dex+7:     It affects your dexterity (+7).
Armour
 c - a +0 buckler (worn)
 m - the +1 ring mail "Quttomow" (worn) {rElec rC- Str+3 Int+3}
   (You found it on level 2 of the Dungeon)

   Str+3:     It affects your strength (+3).
   Int+3:     It affects your intelligence (+3).
   rC-:       It makes you vulnerable to cold.
   rElec:     It insulates you from electricity.
Jewellery
 j - a ring of protection from fire (left hand)
 q - a ring of willpower
Scrolls
 b - a scroll of noise {unknown}
 e - 2 scrolls of enchant armour {unknown}
 g - 3 scrolls of enchant weapon {unknown}
 h - a scroll of teleportation {unknown}
 i - 2 scrolls of identify {unknown}
 k - a scroll of revelation {unknown}
 s - 2 scrolls of vulnerability {unknown}
Potions
 a - 2 potions of berserk rage {unknown}
 d - a potion of might
 l - a potion of haste {unknown}
 n - a potion of enlightenment {unknown}
 o - a potion of invisibility {unknown}
 p - 2 potions of attraction {unknown}
 t - a potion of heal wounds
 u - 2 potions of curing {unknown}


   Skills:
 + Level 3.8 Fighting
 + Level 3.4 Long Blades
 - Level 3.3 Armour
 + Level 2.2 Dodging
 + Level 3.8 Shields


You had 4 spell levels left.
You didn't know any spells.
Your spell library contained the following spells:

 Spells                   Type           Power      Damage    Failure   Level
 Ozocubu's Armour         Ice            0%         N/A       92%         3
 Summon Ice Beast         Ice/Summ       0%         N/A       100%        4
 Summon Mana Viper        Hex/Summ       0%         N/A       100%        5
 Haunt                    Necr/Summ      0%         N/A       100%        7
 Monstrous Menagerie      Summ           0%         N/A       100%        7
 Ozocubu's Refrigeration  Ice            0%         4d7       100%        7
 Borgnjor's Revivificati  Necr           0%         N/A       100%        8
 Death's Door             Necr           0%         N/A       100%        9


Dungeon Overview and Level Annotations

Branches:
Dungeon (4/15)
 Temple: D:4-7

Altars:
Ashenzari
Dithmenos
Okawaru
Wu Jian
Yredelemnul
The Shining One

Annotations:
D:4 Edmund


Innate Abilities, Weirdness & Mutations

You have a beak for a mouth.
You have claws for feet.
You can magically evade attacks while moving or waiting.


Message History

Aim: Edmund, wielding a +2 dire flail of protection and wearing a +0 scale mail (lightly wounded, 65% to hit)
You throw a throwing net. The throwing net hits Edmund.
Edmund is caught in the net!
Edmund is lightly wounded.
Edmund struggles against the net.
Edmund struggles against the net.
You puncture Edmund! You claw Edmund.
Edmund is heavily wounded.
Edmund struggles against the net. x2
You hit Edmund. You peck Edmund.
Edmund is heavily wounded.
Edmund struggles against the net.
The net rips apart, and Edmund comes free!
You hit Edmund but do no damage. You claw Edmund, but do no damage.
Edmund is heavily wounded.
Edmund completely misses you. You block Edmund's attack.
You hit Edmund but do no damage. You claw Edmund, but do no damage.
Edmund is heavily wounded.
Edmund hits you with a +2 dire flail of protection.
You hit Edmund but do no damage.
Edmund is heavily wounded.
Edmund hits you with a +2 dire flail of protection!
* * * LOW HITPOINT WARNING * * *
You are too injured to fight recklessly!
You are too injured to fight recklessly!
You are too injured to fight recklessly!
You hit Edmund but do no damage. You claw Edmund.
Edmund is heavily wounded.
Edmund closely misses you.
Edmund hits you with a +2 dire flail of protection.
* * * LOW HITPOINT WARNING * * *
You puncture Edmund!
Edmund is severely wounded.
Edmund closely misses you.
You hit Edmund but do no damage. You claw Edmund, but do no damage.
Your peck misses Edmund.
Edmund is severely wounded.
Edmund hits you with a +2 dire flail of protection!
You die...
Edmund says, "That'll show my brother!"

....## ##.# #... #...#
##..# #..# ##..##
#.####..## ##..##..##
# #####......## .#
.#†.........# ###.#
...♣........#####...#
..............S@@####
..._........######
.....#.#...##
.#.♣...##..##
.#...[####@.##########
.##### #...........#
#...........##
##########...# #...#


You could see Edmund and a ball python.

Vanquished Creatures
  6 adders
  3 gnolls (D:2)
  2 dart slugs (D:2)
  An orc (D:3)
  3 ball pythons
  4 endoplasms
  5 giant cockroaches
  3 goblins
  3 hobgoblins (D:1)
  2 jackals (D:2)
  5 kobolds
  6 quokkas
  A bat (D:3)
  5 frilled lizards
  5 rats
54 creatures vanquished.

Notes
Turn   | Place    | Note
-------+----------+-------------------------------------------
     0 | D:1      | BinkBink the Tengu Fighter began the quest for the Orb.
     0 | D:1      | Reached XP level 1. HP: 14/14 MP: 2/2
   118 | D:1      | Reached XP level 2. HP: 17/19 MP: 3/3
   447 | D:1      | Reached skill level 1 in Dodging
   570 | D:2      | Reached XP level 3. HP: 23/23 MP: 4/4
   742 | D:2      | Reached XP level 4. HP: 22/28 MP: 5/5
   784 | D:2      | Identified the +1 ring mail "Quttomow" {rElec rC- Str+3
                  | Int+3}
   923 | D:2      | Reached XP level 5. HP: 32/33 MP: 6/6
  1268 | D:3      | Found a glowing golden altar of the Shining One.
  1298 | D:3      | Identified the +4 dagger of Instinct {heavy, Dex+7}
  1307 | D:3      | Found an iron altar of Okawaru.
  1351 | D:3      | Found a basalt altar of Yredelemnul.
  1352 | D:3      | Found a faded altar of an unknown god.
  1369 | D:3      | Found a shadowy altar of Dithmenos.
  1438 | D:3      | Found a broken altar of Ashenzari.
  1843 | D:4      | Found an ornate altar of the Wu Jian Council.
  1877 | D:4      | Noticed Edmund
  1918 | D:4      | Mangled by Edmund

Illustrated notes

Levels and vault maps discovered:
D:1:      minmay_arrival_hallway, layout_rooms
D:2:      layout_basic, minmay_misc_feat_cross
D:3:      layout_rooms, chequers_temple_overflow_statue_of_worship,
          okawaru_metal_pillars_1_2, cheibrodos_ashenzari_chains,
          old_standard_altar, basic_ecumenical_altar, corexii_hall_statues_s,
          st_stairs_8
D:4:      layout_layer_cave, mainiacjoe_overflow_tiny_flanked, uniq_edmund

Skill      XL: |  1  2  3  4 |
---------------+-------------+-----
Dodging        | 1 2 |  2.2
Long Blades    | 3 |  3.4
Fighting       | |  3.8
Armour         | |  3.3
Shields        | |  3.8

Action                     |  1- 3 |  4- 6 || total
---------------------------+-------+-------++-------
  Melee: Long sword        |    58 |    36 ||    94
         Peck              |     8 |    10 ||    18
         Kick              |    14 |    13 ||    27
         Dagger            |       |    21 ||    21
  Throw: Throwing net      |       |     1 ||     1
    Use: Potion            |     1 |       ||     1
 Armour: Scale mail        |    51 |     2 ||    53
         Ring mail         |       |    23 ||    23
  Dodge: Dodged            |    35 |    50 ||    85
  Block: Buckler           |    17 |    21 ||    38

Table legend: (Time is in decaauts)
 A = Elapsed time spent in this place.
 B = Non-inter-level travel time spent in this place.
 C = Inter-level travel time spent in this place.
 D = Time resting spent in this place.
 E = Time spent auto-exploring this place.
 F = Levels seen in this place.
 G = Mean time per level.
                   A        B        C        D        E       F      G
               +--------+--------+--------+--------+--------+-----+--------+
         Total |   1952 |   1853 |     99 |     68 |   1405 |   4 |  488.0 |
       Dungeon |   1952 |   1853 |     99 |     68 |   1405 |   4 |  488.0 |
               +--------+--------+--------+--------+--------+-----+--------+

Top non-repeatable levels by time:
     D:2: 739 daAuts
     D:1: 528 daAuts
     D:3: 420 daAuts
     D:4: 263 daAuts
